 Seeded DCSS version 0.29.1-15-g9cfb28693d (webtiles) character file.

Game seed: 16245865983455551772 (custom seed)

4 Atreus the Stinger (level 1, 8/10 HPs)
             Began as a Deep Elf Venom Mage on Mar 6, 2023.
             Quit the game on level 1 of the Dungeon.
             The game lasted 00:00:50 (72 turns).

Atreus the Stinger (Deep Elf Venom Mage)              Turns: 72, Time: 00:00:50

Health: 8/10       AC:  2    Str:  5    XL:     1   Next: 50%
Magic:  6/6        EV: 12    Int: 19    God:
Gold:   0          SH:  0    Dex: 15    Spells: 5/6 levels left

rFire   . . .      SeeInvis .   c - +0 dagger
rCold   . . .      Faith    .   (no shield)
rNeg    . . .      Spirit   .   a - +0 robe
rPois   .          Reflect  .   (no helmet)
rElec   .          Harm     .   (no cloak)
rCorr   .          Rampage  .   (no gloves)
Will    .....                   (no boots)
Stlth   ++........              (no amulet)
HPRegen 0.03/turn               (no ring)
MPRegen 0.10/turn               (no ring)

@: no status effects
A: no striking features
a: no special abilities


You were on level 1 of the Dungeon.
You visited 1 branch of the dungeon, and saw 1 of its levels.

Inventory:

Hand Weapons
 c - a +0 dagger (weapon)
 f - a +1 vorpal hand axe
Armour
 a - a +0 robe (worn)
Magical Staves
 e - a staff of poison
Scrolls
 d - a scroll of acquirement
Potions
 b - a potion of magic


   Skills:
 - Level 2.4 Dodging
 - Level 2.4 Stealth
 + Level 3.0 Spellcasting
 - Level 1.1 Transmutations
 + Level 3.6 Poison Magic


You had 5 spell levels left.
You knew the following spells:

 Your Spells              Type           Power      Damage    Failure   Level
a - Sting                 Tmut/Pois      44%        1d5       6%          1

Your spell library contained the following spells:

 Spells                   Type           Power      Damage    Failure   Level
 Poisonous Vapours        Pois/Air       18%        N/A       11%         2
 Mephitic Cloud           Conj/Pois/Air  7%         N/A       28%         3
 Olgreb's Toxic Radiance  Pois           16%        N/A       34%         4


Dungeon Overview and Level Annotations

Branches:
Dungeon (1/15)

Altars:


Message History

[Y]es or [N]o only, please.
That beam is likely to hit you.
Continue anyway?
Okay, then.
Aiming: Sting (safe; 6% risk of failure)
Press: ? - help, Q - select action Shift-Dir - straight line, f - goblin
Aim: a goblin, wielding a +0 dagger (64% to hit)
The sting hits the goblin.
The goblin is poisoned.
The goblin is heavily wounded.
Aiming: Sting (safe; 6% risk of failure)
Press: ? - help, Q - select action Shift-Dir - straight line, f - quokka, p - goblin
Aim: a quokka (60% to hit)
The sting hits the quokka.
The quokka is poisoned.
The quokka is heavily wounded.
The quokka bites you but does no damage.
The quokka attacks as you move away! The quokka misses you.
The goblin hits you but does no damage. The quokka attacks as you move away!
The quokka bites you.
You kill the goblin!
You kill the quokka!
Found 6 stones.
Found 3 scrolls labelled WAC GOIFOFITOUPLEC.
An endoplasm comes into view.
You see here 3 scrolls labelled WAC GOIFOFITOUPLEC.
d - 3 scrolls labelled WAC GOIFOFITOUPLEC
Aiming: Sting (safe; 6% risk of failure)
Press: ? - help, Q - select action Shift-Dir - straight line, f - endoplasm
Aim: an endoplasm (asleep, 100% to hit)
The sting hits the endoplasm.
The endoplasm partially resists.
The endoplasm is poisoned.
The endoplasm is heavily wounded.
The endoplasm quivers.
The endoplasm attacks as you move away! The endoplasm hits you.
You kill the endoplasm!
You start resting.
Magic restored.
This is a scroll of acquirement!
Something appears at your feet!
e - a staff of poison Something appears at your feet!
f - a +1 vorpal hand axe Are you sure you want to abandon this character and quit the game? (Confirm with "yes".)

### #.. #.# #
#.######..##
###.##.#.........
.........#..#....
##.##...#..# .
#..@###.#
#...#(#..
#..##.##.#
#..#...#.. ...
##.##...##.## ...
#..#.....#..#....
#..#.....#..#...
#.............
#..#).#..##.#


There were no monsters in sight!

Vanquished Creatures
  An endoplasm (D:1)
  A goblin (D:1)
  A quokka (D:1)
3 creatures vanquished.

Notes
Turn   | Place    | Note
-------+----------+-------------------------------------------
     0 | D:1      | Atreus the Deep Elf Venom Mage began the quest for the Orb.
     0 | D:1      | Reached XP level 1. HP: 10/10 MP: 6/6
    68 | D:1      | Identified 3 scrolls of acquirement
    68 | D:1      | Acquired a staff of poison
    70 | D:1      | Acquired a +1 vorpal hand axe
    72 | D:1      | Quit the game

Illustrated notes

Levels and vault maps discovered:
D:1:      minmay_arrival_hallway, layout_loops_corners, basic_ecumenical_altar,
          minmay_unequal

Action                   || total
-------------------------++-------
 Cast: Sting             ||     3
  Use: Scroll            ||     2
Armor: Robe              ||     2
Dodge: Dodged            ||     1
